 Dungeon Crawl Stone Soup version 0.27.1-3-gb3d3a73c9e (webtiles) character file.

Game seed: 8613515587491775847

171 belegose the Skirmisher (level 5, 0/42 HPs)
             Began as a Barachi Warper on Oct 5, 2021.
             Slain by an orc (2 damage)
             ... on level 3 of the Dungeon.
             The game lasted 00:12:36 (5144 turns).

belegose the Skirmisher (Barachi Warper)            Turns: 5144, Time: 00:12:36

Health: 0/42       AC:  5    Str: 13    XL:     5   Next: 51%
Magic:  8/8        EV: 11    Int: 13    God:
Gold:   125        SH:  0    Dex: 12    Spells: 6/8 levels left

rFire    . . .     SeeInvis .   t - +1 falchion (protect)
rCold    . . .     Faith    .   (no shield)
rNeg     . . .     Spirit   .   q - +0 ring mail
rPois    .         Reflect  .   (helmet restricted)
rElec    .         Harm     .   j - scarf {repulsion}
rCorr    .         Rampage  .   (no gloves)
Will     .....                  (no boots)
Stlth    ..........             (no amulet)
HPRegen  0.14/turn              (no ring)
MPRegen  0.11/turn              (no ring)

@: confused, unable to hop, flying, repel missiles, slow
A: amphibious, slowness 1, strong legs 1, +LOS, horns 1, MP-powered wands
a: Hop


You were on level 3 of the Dungeon.
You visited 1 branch of the dungeon, and saw 3 of its levels.

You collected 125 gold pieces.

Inventory:

Hand Weapons
 a - a +0 falchion
 t - a +1 falchion of protection (weapon)
Missiles
 d - 5 boomerangs of dispersal
 e - 70 stones
 s - 8 poisoned darts (quivered)
Armour
 j - a scarf of repulsion (worn)
 q - a +0 ring mail (worn)
Magical Staves
 g - a staff of air
Scrolls
 c - a scroll of blinking
 h - 2 scrolls of amnesia {unknown}
 i - 4 scrolls of identify {unknown}
 l - a scroll of summoning {unknown}
 n - 3 scrolls of fog {unknown}
 o - a scroll of fear {unknown}
 p - a scroll of enchant armour {unknown}
Potions
 f - a potion of flight


   Skills:
 + Level 3.7 Fighting
 + Level 3.6 Long Blades
 + Level 2.3 Throwing
 + Level 2.8 Armour
 + Level 3.3 Dodging
 - Level 2.1 Spellcasting
 - Level 3.2 Translocations


You had 6 spell levels left.
You knew the following spells:

 Your Spells              Type           Power      Damage    Failure   Level
a - Poisonous Vapours     Pois/Air       2%         N/A       61%         2

Your spell library contained the following spells:

 Spells                   Type           Power      Damage    Failure   Level
 Blink                    Tloc           N/A        N/A       21%         2
 Gell's Gravitas          Tloc           4%         N/A       36%         3
 Lesser Beckoning         Tloc           4%         N/A       36%         3
 Teleport Other           Tloc           9%         N/A       36%         3
 Beastly Appendage        Tmut           2%         N/A       45%         1
 Corpse Rot               Necr/Air       N/A        N/A       61%         2
 Wereblood                Tmut           1%         N/A       61%         2
 Spider Form              Tmut/Pois      0%         N/A       83%         3
 Manifold Assault         Tloc           9%         N/A       98%         5
 Freezing Cloud           Conj/Ice/Air   0%         6-21      100%        5


Dungeon Overview and Level Annotations

Branches:
Dungeon (3/15)

Altars:

Shops:
D:1 (

Annotations:
D:3 1 runed translucent door, Crazy Yiuf, Sigmund


Innate Abilities, Weirdness & Mutations

You are amphibious.
You cover ground slowly.
You can hop short distances.
You have an extended range of vision and can be seen from far away.
You have a pair of small horns on your head.
You expend magic power (3 MP) to strengthen your wands.


Message History

Something hits you but does no damage.
Deactivating autopickup; reactivate with Ctrl-A.
The hobgoblin barely misses you.
You completely miss the hobgoblin.
Your ring mail prevents you from hitting the hobgoblin.
The hobgoblin barely misses you.
You riposte.
You barely miss the hobgoblin. Something hits you.
* * * LOW HITPOINT WARNING * * *
Unknown command.
Your legs are too worn out to hop.
Your extra speed is starting to run out.
The hobgoblin throws a stone.
The stone closely misses you. The hobgoblin is pulled toward you!
You feel less attractive to monsters. Something hits you!
* * * LOW HITPOINT WARNING * * *
The hobgoblin throws a stone.
The stone barely misses you.
Your legs are too worn out to hop.
Unknown command.
It was a potion of mutation.
You feel extremely strange.
You feel your magical essence link to the dungeon's wands.
A pair of horns grows on your head!
Unknown command.
A hobgoblin is nearby!
Unknown command.
You hear some strange, mumbled words.
You are confused.
The hobgoblin throws a stone.
The stone closely misses you.
There is a stone staircase leading down, spattered with blood here.
You see here a +0 club.
You fly downwards.
Level annotation: 1 runed translucent door, Crazy Yiuf, Sigmund Reactivating autopickup.
You feel yourself slow down.
The orc shouts! x2; The orc priest shouts!
The orc closely misses you.
There is a stone staircase leading up here.
Unknown command.
Okay, then.
You bump into the rock wall.
The orc hits you with a +0 club.
You die...

.....###................#
......##.#..88≈≈≈≈≈88...#
.............#≈≈≈≈#.....#
.............≈≈≈≈≈#.#############
..##.<.#.##..≈≈≈≈≈...............
..####.#.#...≈≈≈≈#..#############
............≈≈≈≈≈#...............
.#####...#.#≈≈≈o≈#..#############
.# #...#.#o≈≈≈@#..#....# # .#
#...#.#≈≈≈≈o#..#....######## .#
#...#.#≈≈≈≈............†.... .#
#.#.#.#≈≈≈≈o#..#....######## .#
#.#...#≈≈≈≈≈#..#....# # .#
#.#...##≈≈≈≈#..#....# # .#
#.#...##≈≈≈≈≈..######## # .#
#.#..>..≈≈≈≈≈.......... >#
#...#.#≈≈≈≈≈.########


You could see an orc priest and 3 orcs.

Vanquished Creatures
  A hound (D:3)
  An iguana (D:3)
  3 adders
  2 worms (D:3)
  6 orcs (D:3)
  6 ball pythons
  10 endoplasms
  3 giant cockroaches
  6 goblins
  4 hobgoblins
  2 jackals (D:1)
  11 kobolds
  3 quokkas
  5 bats
  4 frilled lizards
  4 rats
71 creatures vanquished.

Notes
Turn   | Place    | Note
-------+----------+-------------------------------------------
     0 | D:1      | belegose the Barachi Warper began the quest for the Orb.
     0 | D:1      | Reached XP level 1. HP: 17/17 MP: 3/3
   670 | D:1      | Reached XP level 2. HP: 12/23 MP: 5/5
  1427 | D:1      | Found Pynemmiso's Weapon Shoppe.
  1790 | D:1      | Reached XP level 3. HP: 27/28 MP: 6/6
  2561 | D:2      | Reached XP level 4. HP: 35/35 MP: 7/7
  2969 | D:2      | You fall into a shaft and drop 1 floor!
  3041 | D:2      | Learned a level 2 spell: Poisonous Vapours
  3301 | D:3      | Noticed Sigmund
  3945 | D:3      | Found a runed translucent door.
  3946 | D:3      | Noticed Crazy Yiuf
  4183 | D:3      | Reached XP level 5. HP: 29/41 MP: 8/8
  5081 | D:3      | Found a faded altar of an unknown god.
  5136 | D:2      | HP: 1/42 [something (10)]
  5138 | D:2      | Gained mutation: You expend magic power (3 MP) to
                  | strengthen your wands. [potion of mutation]
  5138 | D:2      | Gained mutation: You have a pair of small horns on your
                  | head. [potion of mutation]
  5144 | D:3      | Slain by an orc

Illustrated notes

Levels and vault maps discovered:
D:1:      tarquinn_simple_flora_water_b, layout_basic, serial_shops,
          nicolae_shop_behind_doors, chequers_serial_rivers_marsh,
          minmay_tetromino_s4
D:2:      layout_loops_cross, minmay_quantized
D:3:      wander_river, layout_basic, chequers_ecumenical_altar_grove,
          kennysheep_generic_room_4, uniq_sigmund, uniq_crazy_yiuf_cottage

Skill      XL: |  1  2  3  4 |
---------------+-------------+-----
Armour         | 2 |  2.8
Fighting       | 3 |  3.7
Long Blades    | 3 |  3.6
Throwing       | 2 |  2.3
Dodging        | 3 |  3.3
Spellcasting   | |  2.1
Translocations | |  3.2

Action                   |  1- 3 |  4- 6 || total
-------------------------+-------+-------++-------
Melee: Falchion          |   135 |   141 ||   276
Throw: Dart              |       |    22 ||    22
 Abil: Hop               |       |     3 ||     3
  Use: Potion            |       |     5 ||     5
Armor: Leather armour    |    28 |     6 ||    34
       Ring mail         |       |    43 ||    43
Dodge: Dodged            |    82 |   103 ||   185
       Repelled          |       |     1 ||     1
       Rpst.: Falchion   |    26 |    27 ||    53
